 Dungeon Crawl Stone Soup version 0.19-a0-1720-gc855d72 (webtiles) character file.

472 kae the Slasher (level 7, 0/52 HPs)
             Began as a Formicid Fighter on Sept 29, 2016.
             Was a Follower of Makhleb.
             Slain by an orc
             ... wielding a +0 flail
              (4 damage)
             ... on level 3 of the Dungeon.
             The game lasted 00:02:20 (2254 turns).

kae the Slasher (Formicid Fighter)                  Turns: 2254, Time: 00:02:21

Health: 0/52       AC:  7    Str: 27 (28) XL:     7   Next: 31%
Magic:  7/7        EV:  8    Int:  6 (7)  God:    Makhleb [*.....]
Gold:   72         SH:  9    Dex:  8 (10) Spells: 0 memorised, 6 levels left

rFire  . . .     SeeInvis +     a - +0 long sword
rCold  . . .     Gourm    .     b - +0 scale mail
rNeg   . . .     Faith    .     c - +0 shield
rPois  .         Spirit   .     (helmet unavailable)
rElec  .         Dismiss  .     (no cloak)
rCorr  .         Reflect  .     (no gloves)
MR     .....     Harm     .     (no boots)
Stlth  ..........               (no amulet)
                                (no ring)
                                e - ring of loudness

@: mighty
A: permanent stasis, dig shafts and tunnels, four strong arms, antennae 3
a: Dig, Shaft Self, Renounce Religion


You were on level 3 of the Dungeon.
You worshipped Makhleb.
Makhleb was aware of your devotion.
You were hungry.

You visited 1 branch of the dungeon, and saw 3 of its levels.

You collected 72 gold pieces.

Inventory:

Hand Weapons
 a - a +0 long sword (weapon)
Armour
 b - a +0 scale mail (worn)
 c - a +0 shield (worn)
Jewellery
 e - a ring of loudness (left hand)
 k - a +3 ring of protection {unknown}
Wands
 l - a wand of digging (5/24)
Scrolls
 h - a scroll of magic mapping
 j - a scroll of identify
Potions
 m - a potion of cancellation
Comestibles
 f - 2 bread rations
 o - 2 beef jerkies
 p - a meat ration


   Skills:
 - Level 3.2 Fighting
 + Level 7.5 Long Blades
 - Level 3.2 Armour
 - Level 3.6 Shields


You had 6 spell levels left.
You didn't know any spells.

Dungeon Overview and Level Annotations

Branches:
Dungeon (3/15)

Altars:
Ashenzari
Cheibriados
Makhleb
Vehumet


Innate Abilities, Weirdness & Mutations

You are under a permanent stasis effect.
You can dig through walls and to a lower floor.
Your four strong arms can wield two-handed weapons with a shield.
You have a pair of large antennae on your head. (SInv)


Message History

The ogre barely misses you.
Unknown command.
As you read the scroll labeled VOIDEA YCHERCHI, it crumbles to dust.
You feel as if something is helping you.
It was a scroll of remove curse.
You feel very mighty all of a sudden. You block the ogre's attack.
Unknown command.
You hit the ogre.
The ogre is heavily wounded.
You block the ogre's attack.
Unknown command.
You slash the ogre!
You kill the ogre!
Makhleb accepts your kill.
You slice the goblin!!
You kill the goblin!
Makhleb accepts your kill.
You barely miss the orc. The orc hits you with a flail.
You die...

*,,,*,* *,....{,***, *,,,*,*
**#...{,,.., *,,,*,*
###.g,,,...,
*****,*******####...g*,..#,,
*,,,,,,,,,..#.{g###.###.
*****,,,,,...,#{.#g..#..
*,*####{#*#){.._...,
*,##o##{###gg#...#.,
*,#@#.{.##..###.##*,
*,#####{ggg..#...#..
*,#...{{.##.........
*,#.###...........## *,#.#
#.............
*,#.###......##..... ######
*,#.##........#.....
###...<####*,#.##....†...#*####
#..........,,#.##........######


You could see an orc.

Vanquished Creatures
  Sigmund (D:2)
  An ogre (D:3)
  An orc wizard (D:3)
  An orc priest (D:3)
  Terence (D:2)
  Robin (D:2)
  3 adders
  A worm (D:2)
  3 dart slugs
  A leopard gecko (D:1)
  6 orcs (D:3)
  2 giant cockroaches
  18 goblins
  12 hobgoblins
  6 jackals
  2 quokkas
  3 ball pythons
  8 bats
  4 frilled lizards
  11 kobolds
  7 rats
93 creatures vanquished.

Notes
Turn   | Place    | Note
-------+----------+-------------------------------------------
     0 | D:1      | kae the Formicid Fighter began the quest for the Orb.
     0 | D:1      | Reached XP level 1. HP: 18/18 MP: 1/1
   101 | D:1      | Reached XP level 2. HP: 9/24 MP: 2/2
   407 | D:1      | Reached skill level 3 in Long Blades
   508 | D:1      | Reached XP level 3. HP: 29/29 MP: 3/3
   781 | D:2      | Noticed Robin
   782 | D:2      | Reached XP level 4. HP: 35/35 MP: 4/4
   789 | D:2      | Reached skill level 4 in Long Blades
   804 | D:2      | Killed Robin
  1120 | D:2      | Found a snail-covered altar of Cheibriados.
  1148 | D:2      | Found a burning altar of Makhleb.
  1154 | D:2      | Reached XP level 5. HP: 34/41 MP: 5/5
  1156 | D:2      | Noticed Terence
  1161 | D:2      | Became a worshipper of Makhleb the Destroyer
  1176 | D:2      | Killed Terence
  1176 | D:2      | Reached skill level 5 in Long Blades
  1619 | D:2      | Noticed Sigmund
  1627 | D:2      | Killed Sigmund
  1627 | D:2      | Reached skill level 6 in Long Blades
  1627 | D:2      | Reached XP level 6. HP: 44/47 MP: 6/6
  2096 | D:3      | Found a shattered altar of Ashenzari.
  2219 | D:3      | Reached * piety under Makhleb
  2222 | D:3      | Found a radiant altar of Vehumet.
  2232 | D:3      | Noticed an ogre
  2233 | D:3      | Reached skill level 7 in Long Blades
  2233 | D:3      | Reached XP level 7. HP: 39/52 MP: 7/7
  2254 | D:3      | Slain by an orc

Vault maps used:
D:1:      lemuel_arrival_hallway, minmay_split_cup_small
D:2:      kennysheep_the_goblin_king, bloody_makhleb, overflow_temple_1_default,
          uniq_robin, uniq_terence, uniq_sigmund
D:3:      vehumet_crystals, nicolae_overflow_crystal_walls,
          minmay_ogre_servants, uniq_grinder

Skill      XL: |  1  2  3  4  5  6 |
---------------+-------------------+-----
Long Blades    | 3 4 6 7 |  7.5
Fighting       | |  3.2
Armour         | |  3.2
Shields        | |  3.6

Action                   |  1- 3 |  4- 6 |  7- 9 || total
-------------------------+-------+-------+-------++-------
Melee: Long sword        |   108 |   210 |     9 ||   327
 Abil: Dig               |       |     4 |     1 ||     5
  Use: Potion            |       |     3 |     2 ||     5
       Scroll            |       |     3 |     1 ||     4
  Eat: Chunk             |       |     5 |       ||     5
Armor: Scale mail        |    40 |    82 |     1 ||   123
Dodge: Dodged            |    32 |    49 |     1 ||    82
Block: Shield            |    42 |   111 |     6 ||   159
